 Dungeon Crawl Stone Soup version 0.30.1-11-g7821555f0a (webtiles) character file.

Game seed: 13470374765056145795

44 H0rd4k the Charlatan (level 3, -5/40 HPs)
             Began as a Human Artificer on Nov 29, 2023.
             Succumbed to a gnoll's poison
             ... on level 2 of the Dungeon.
             The game lasted 00:01:02 (973 turns).

H0rd4k the Charlatan (Human Artificer)               Turns: 973, Time: 00:01:02

Health: -5/40      AC: 21    Str: 12    XL:     3   Next: 85%
Magic:  3/3        EV:  2    Int: 13    God:
Gold:   93         SH:  0    Dex: 13    Spells: 2/2 levels left

rFire   . . .        f - +0 flail
rCold   . . .        (no shield)
rNeg    . . .        b - melded +0 leather armour
rPois   +            (helmet currently unavailable)
rElec   .            (cloak currently unavailable)
rCorr   .            (gloves currently unavailable)
SInv    .            (boots currently unavailable)
Will    .....        (no amulet)
Stlth   ++           (no ring)
HPRegen 0.26/turn    (no ring)
MPRegen 0.08/turn

%: no passive effects
@: lethally poisoned (-5 -> -30), tree-form
A: stationary, stasis, torment immunity, boosted hp
a: no special abilities


You were on level 2 of the Dungeon.
You were a tree.
You visited 1 branch of the dungeon, and saw 2 of its levels.

You collected 93 gold pieces.

Inventory:

Hand Weapons
 f - a +0 flail (weapon)
Missiles
 k - 4 poisoned darts
Armour
 b - a +0 leather armour (melded)
Wands
 c - a wand of flame (15) (quivered)
 d - a wand of charming (15)
 e - a wand of iceblast (5)
Scrolls
 g - a scroll of amnesia {unknown}
 j - 2 scrolls of identify {unknown}
 l - a scroll of teleportation {unknown}
 m - a scroll of butterflies {unknown}
 n - a scroll of magic mapping {unknown}
Potions
 a - 2 potions of lignification
 h - a potion of might {unknown}
 i - a potion of mutation {unknown}


   Skills:
 + Level 1.7 Fighting
 + Level 1.7 Maces & Flails
 - Level 2.0 Armour
 + Level 2.2 Dodging
 - Level 1.0 Stealth
 - Level 3.0 Evocations


You had 2 spell levels left.
You didn't know any spells.
Your spell library was empty.

Dungeon Overview and Level Annotations

Branches:
Dungeon (2/15)

Altars:

Shops:
D:2 [


Message History

n - a scroll labelled XEIMUTS QOIT No target in view!
You now have 93 gold pieces (gained 13).
You see here a stone.
j - 2 scrolls labelled IGIEHE OXKEAPH (gained 1)
A gnoll comes into view. It is wielding a +0 flail.
Found 16 gold pieces.
A gnoll is nearby!
A gnoll comes into view. It is wielding a +2 spear of venom.
The gnoll shouts! x2
Found a crooked jewelled staff.
Found a stone staircase leading down.
A gnoll comes into view. It is wielding a +0 flail.
The gnoll shouts!
You thump the gnoll!
The gnoll is severely wounded.
The gnoll closely misses you.
You hit the gnoll.
You kill the gnoll!
The gnoll hits you with a +2 spear of venom.
You are poisoned.
Things that are here:
a +0 flail; a gnoll corpse You sock the gnoll!
The gnoll is heavily wounded.
You feel very sick. The gnoll closely misses you.
The gnoll hits you but does no damage.
The gnoll hits you with a +2 spear of venom!
You are too injured to fight recklessly!
You are too injured to fight recklessly!
You are too injured to fight recklessly!
You are too injured to fight recklessly!
* * * LOW HITPOINT WARNING * * *
You feel sick.
The gnoll hits you from afar with a +2 spear of venom!
* * * LOW HITPOINT WARNING * * *
You are more poisoned.
It was a potion of lignification.
You turn into a tree.
Your +0 leather armour melds into your body.
Your roots penetrate the ground.
You die...

#####.# #.##.#.# #
#.# #.##.#..# ##
#.# # ##.##.# .#
#.# # ##.##.# .#
#.# #.#...#.## .#
#.# #...#.... .#
#.# #.$.#.#######
.#
####..g..|....>#
.# .......g♣####
.# ####..###.$.##
##
............#.#.
####..##..........
#..#..........#
#..#.#...##.###
#..#.###### #
#...........
##.#.#######


You could see 2 gnolls.

Vanquished Creatures
  A gnoll (D:2)
  An adder (D:2)
  2 bats
  An endoplasm (D:2)
  2 giant cockroaches
  3 goblins
  2 hobgoblins (D:2)
  4 jackals (D:1)
  5 ball pythons
  2 rats (D:1)
23 creatures vanquished.

Notes
Turn   | Place    | Note
-------+----------+-------------------------------------------
     0 | D:1      | H0rd4k the Human Artificer began the quest for the Orb.
     0 | D:1      | Reached XP level 1. HP: 15/15 MP: 1/1
   145 | D:1      | Reached XP level 2. HP: 10/21 MP: 2/2
   602 | D:2      | Reached skill level 1 in Maces & Flails
   623 | D:2      | Reached XP level 3. HP: 23/26 MP: 3/3
   828 | D:2      | Found Gitwuhass's Armour Shoppe.
   972 | D:2      | HP: 1/27 [gnoll/+2 spear of venom (7)]
   973 | D:2      | Succumbed to a gnoll's poison

Illustrated notes

Levels and vault maps discovered:
D:1:      dpeg_arrival_tiny_c, layout_rooms
D:2:      layout_loops_ring, serial_shops, nicolae_shop_stone,
          dreamdust_princess_corridor

Skill      XL: |  1  2  3 |
---------------+----------+-----
Maces & Flails | 1 |  1.7
Dodging        | 2 |  2.2
Fighting       | |  1.7
Armour         | |  2.0
Stealth        | |  1.0
Evocations     | |  3.0

Action                     || total
---------------------------++-------
  Melee: Flail             ||    81
         Punch             ||     1
    Use: Potion            ||     1
 Armour: Leather armour    ||    46
  Dodge: Dodged            ||    66
